 Dungeon Crawl Stone Soup version 0.16-a0-3807-g3748f16 (console) character file.

2477 mauris the Transmogrifier (level 9, 0/64 HPs)
             Began as a Red Draconian Transmuter on Jan 25, 2015.
             Was a Believer of Qazlal.
             Slain by casual's ghost (10 damage)
             ... on level 7 of the Dungeon on Jan 26, 2015.
             The game lasted 00:39:34 (9157 turns).

mauris the Transmogrifier (DrTm)                    Turns: 9157, Time: 00:39:34

Health: 0/64       AC:  9    Str: 13    XL:     9   Next: 27%
Magic:  11/14      EV: 12    Int: 15    God:    Qazlal [**....]
Gold:   210        SH:  2    Dex: 13    Spells: 3 memorised, 3 levels left

rFire  + + .     SeeInvis .     r - melded +3 whip (drain)
rCold  + . .     Clarity  .     (armour unavailable)
rNeg   . . .     SustAb   .     (shield currently unavailable)
rPois  +         Gourm    .     (helmet restricted)
rElec  +         Spirit   .     k - +0 cloak
rCorr  +         Warding  .     (gloves currently unavailable)
rMut   .         Stasis   .     p - +0 pair of boots
MR     .....                    c - amulet of resist corrosion (curse)
Stlth  +.........               (no ring)
                                (no ring)

@: blade hands, resistant, not resistant to hostile enchantments, very
unstealthy
A: breathe fire, unfitting armour, fire resistance 1, cold-blooded, AC +7
a: Breathe Fire, End Transformation, Upheaval, Renounce Religion


You were on level 7 of the Dungeon.
You worshipped Qazlal.
Qazlal was pleased with you.
You were not hungry.
You had blades for hands.
You visited 1 branch of the dungeon, and saw 7 of its levels.

You collected 210 gold pieces.

Inventory:

Hand weapons
 r - a +3 whip of draining (melded)
 B - a +0 blowgun {@w1}
Missiles
 A - 8 poisoned javelins (quivered)
 C - 24 poisoned needles
Armour
 k - a +0 cloak (worn)
 p - a +0 pair of boots (worn)
Jewellery
 c - a cursed amulet of resist corrosion (around neck)
Magical devices
 y - a wand of fire (5)
 D - a wand of fireball (2)
Scrolls
 f - a scroll of immolation {unknown}
 g - 3 scrolls of remove curse
 h - a scroll of recharging
 i - 2 scrolls of identify {@r1}
 m - a scroll of teleportation {unknown}
 o - a scroll of amnesia
 t - a scroll of enchant weapon
 u - a scroll of magic mapping {unknown}
 v - a scroll of fog
 w - a scroll of enchant armour {unknown}
Potions
 j - a potion of might
 l - 4 potions of cancellation
 n - a potion of brilliance {unknown}
 s - a potion of restore abilities
Books
 d - a book of Changes

   Spells                             Type                      Level
   a - Beastly Appendage              Transmutation                1
   b - Sticks to Snakes               Transmutation                2
   c - Spider Form                    Transmutation/Poison         3
   d - Ice Form                       Ice/Transmutation            4
   e - Blade Hands                    Transmutation                5
Comestibles
 a - 4 bread rations
 b - 7 chunks of flesh
 x - a meat ration
 z - 7 fruits


   Skills:
 - Level 1.1 Fighting
 - Level 1.7 Dodging
 - Level 3.0 Unarmed Combat
 - Level 2.0 Spellcasting
 + Level 9.8 Transmutations
 - Level 8.0 Poison Magic


You had 3 spell levels left.
You knew the following spells:

 Your Spells              Type           Power        Failure   Level  Hunger
a - Beastly Appendage     Trmt           ####..       12%         1    #......
b - Spider Form           Trmt/Pois      ####......   21%         3    ###....
c - Blade Hands           Trmt           ####......   54%         5    ######.


Dungeon Overview and Level Annotations

Branches:
Dungeon (7/15)             Temple (0/1) D:7

Altars:
Kikubaaqudgha
Makhleb
Nemelex Xobeh
Qazlal
Xom
Zin

Annotations:
D:7 casual's ghost, experienced GrAE


Innate Abilities, Weirdness & Mutations

You can breathe blasts of fire.
Your fiery red scales are hard (AC +7).
Your body does not fit into most forms of armour.
Your flesh is heat resistant.
Your cold-blooded metabolism reacts poorly to cold.


Message History

You slash casual's ghost!
Casual's ghost is severely damaged.
Casual's ghost gestures at you while chanting.
The zap hits you! You resist.
* * * LOW HITPOINT WARNING * * *
Damage: -3%(-2hp) hp: 16%(10hp)
You hit casual's ghost but do no damage.
Your tail-slap misses casual's ghost.
Casual's ghost is severely damaged.
Casual's ghost hits you but does no damage.
You completely miss casual's ghost.
Casual's ghost is severely damaged.
Casual's ghost casts a spell at you. The zap hits you! You resist.
* * * LOW HITPOINT WARNING * * *
Damage: -1%(-1hp) hp: 15%(9hp)
You barely miss casual's ghost.
Your tail-slap misses casual's ghost.
Casual's ghost is severely damaged.
Casual's ghost hits you!
You die...

#.# #......# #.# ########
#.# ###### ######## #.#
#....# #......# #.#
#....# #......# #.#
#....# #......# #....#
#...(..# ####.####....#
#......# .....hhW@0...#
#......#
.....####....#####......#
. #...............#
#....#####)###### ######
#[# #(# #.# #.# #.####


You could see casual's ghost and 2 jackals.

Vanquished Creatures
  Pikel (D:4)
  A hippogriff (D:7)
  Edmund (D:5)
  Menkaure (D:4)
  4 slaves (D:4)
  An ice beast (D:6)
  2 ogres
  2 phantoms
  A centaur (D:7)
  Sigmund (D:4)
  Duvessa (D:7)
  A giant frog (D:7)
  A water moccasin skeleton (D:6)
  A crimson imp (D:5)
  Dowan (D:7)
  A goliath beetle (D:6)
  2 jellies (D:6)
  3 hounds
  Crazy Yiuf (D:3)
  An orc priest (D:5)
  3 worker ants
  2 centaur skeletons (D:7)
  2 orc wizards
  Ijyb (D:3)
  A hound skeleton (D:3)
  4 gnolls (D:2)
  11 adders
  3 worms
  A giant mite (D:3)
  3 giant geckos
  13 orcs
  15 bats
  17 goblins
  11 hobgoblins
  3 jackals (D:6)
  14 kobolds
  6 quokkas
  3 giant cockroaches
  A giant gecko zombie (D:5)
  4 giant newts
  A giant spore (D:7)
  A jackal zombie (D:5)
  A quokka zombie (D:3)
  12 rats
  3 ballistomycetes (D:7)
164 creatures vanquished.

Vanquished Creatures (others)
  An ogre (D:4)
  A worker ant (D:4)
2 creatures vanquished.

Grand Total: 166 creatures vanquished

Notes
Turn   | Place    | Note
--------------------------------------------------------------
     0 | D:1      | mauris, the Draconian Transmuter, began the quest for the Orb.
     0 | D:1      | Reached XP level 1. HP: 16/16 MP: 3/3
   166 | D:1      | Huge Dmg: 3 Dmg
   193 | D:1      | Reached XP level 2. HP: 12/23 MP: 4/4
   329 | D:1      | Huge Dmg: 4 Dmg
   758 | D:1      | Reached XP level 3. HP: 28/28 MP: 4/6
  1014 | D:1      | Huge Dmg: 12 Dmg
  1016 | D:1      | Huge Dmg: 3 Dmg
  1436 | D:1      | Huge Dmg: 6 Dmg
  1437 | D:1      | Huge Dmg: 4 Dmg
  1439 | D:1      | Huge Dmg: 8 Dmg
  1441 | D:1      | Reached skill level 4 in Transmutations
  1443 | D:1      | Huge Dmg: 6 Dmg
  2051 | D:2      | Reached XP level 4. HP: 27/35 MP: 7/7
  2054 | D:2      | Huge Dmg: 7 Dmg
  2069 | D:2      | Huge Dmg: 7 Dmg
  2070 | D:2      | Huge Dmg: 3 Dmg
  2329 | D:3      | Found a shimmering altar of Xom.
  2341 | D:3      | Noticed Ijyb
  2357 | D:3      | Huge Dmg: 7 Dmg
  2407 | D:3      | Huge Dmg: 2 Dmg
  2413 | D:3      | Huge Dmg: 4 Dmg
  2416 | D:3      | HP: 1/35 [Ijyb (2)]
  2417 | D:3      | Huge Dmg: 2 Dmg
  2421 | D:3      | HP: 1/35 [Ijyb (1)]
  2422 | D:3      | Huge Dmg: 1 Dmg
  2422 | D:3      | Killed Ijyb
  2425 | D:3      | Upgraded the game from 0.16-a0-3770-gc215ce9 to 0.16-a0-3789-g74483ed
  2633 | D:3      | Reached skill level 5 in Transmutations
  2980 | D:3      | Reached XP level 5. HP: 38/40 MP: 9/9
  3043 | D:3      | Learned a level 3 spell: Spider Form
  3164 | D:3      | Found a stormy altar of Qazlal.
  3169 | D:3      | Became a worshipper of Qazlal Stormbringer
  3347 | D:3      | Noticed Crazy Yiuf
  3354 | D:3      | Huge Dmg: 16 Dmg
  3374 | D:3      | Killed Crazy Yiuf
  3592 | D:3      | Found an ancient bone altar of Kikubaaqudgha.
  3796 | D:4      | Reached skill level 6 in Transmutations
  3892 | D:4      | Noticed an ogre
  3999 | D:4      | Noticed Sigmund
  4050 | D:3      | Reached skill level 1 in Poison Magic
  4050 | D:3      | Reached XP level 6. HP: 37/47 MP: 8/10
  4125 | D:4      | Killed Sigmund
  4175 | D:4      | Noticed Menkaure
  4177 | D:4      | Huge Dmg: 21 Dmg
  4179 | D:4      | Huge Dmg: 15 Dmg
  4179 | D:4      | HP: 2/47 [Menkaure/nerve-wracking pain (9)]
  4180 | D:4      | Huge Dmg: 8 Dmg
  4194 | D:5      | Entered Level 5 of the Dungeon
  4488 | D:4      | Killed Menkaure
  4609 | D:4      | Huge Dmg: 14 Dmg
  4617 | D:4      | Killed an ogre
  4617 | D:4      | Your scales start taking on a fiery red colour.
  4617 | D:4      | Gained mutation: Your flesh is heat resistant. [draconian maturity]
  4617 | D:4      | Reached XP level 7. HP: 37/52 MP: 10/12
  4653 | D:4      | Noticed a phantom
  4682 | D:4      | Killed a phantom
  4682 | D:4      | Reached skill level 5 in Poison Magic
  4763 | D:4      | Noticed a slave
  4778 | D:4      | Huge Dmg: 26 Dmg
  4829 | D:4      | Acquired Qazlal's first power
  5161 | D:4      | Noticed a slave
  5162 | D:4      | Noticed Pikel
  5162 | D:4      | Noticed a slave
  5174 | D:4      | Killed a slave
  5198 | D:4      | Noticed a slave
  5206 | D:4      | Killed a slave
  5233 | D:4      | Killed a slave
  5244 | D:4      | Killed a slave
  5270 | D:4      | Huge Dmg: 19 Dmg
  5276 | D:4      | Huge Dmg: 9 Dmg
  5279 | D:4      | Killed Pikel
  5279 | D:4      | Reached skill level 7 in Poison Magic
  5279 | D:4      | Reached XP level 8. HP: 23/59 MP: 11/13
  5689 | D:2      | Reached skill level 8 in Poison Magic
  5824 | D:1      | Upgraded the game from 0.16-a0-3789-g74483ed to 0.16-a0-3807-g3748f16
  5830 | D:1      | Learned a level 5 spell: Blade Hands
  6128 | D:5      | Noticed Edmund
  6414 | D:5      | Found a sparkling altar of Nemelex Xobeh.
  7555 | D:6      | Found a glowing silver altar of Zin.
  7947 | D:6      | Found a burning altar of Makhleb.
  8469 | D:5      | Killed Edmund
  8679 | D:7      | Reached XP level 9. HP: 58/64 MP: 14/14
  8710 | D:7      | Huge Dmg: 14 Dmg
  8721 | D:7      | Acquired Qazlal's second power
  8823 | D:7      | Noticed Duvessa
  8823 | D:7      | Noticed Dowan
  8835 | D:7      | Killed Duvessa
  8839 | D:7      | Killed Dowan
  8839 | D:7      | Reached skill level 9 in Transmutations
  9017 | D:7      | Found a staircase to the Ecumenical Temple.
  9136 | D:7      | Noticed casual's ghost (experienced GrAE)
  9144 | D:7      | Huge Dmg: 11 Dmg
  9149 | D:7      | Huge Dmg: 7 Dmg
  9150 | D:7      | Huge Dmg: 13 Dmg
  9157 | D:7      | Slain by casual's ghost

Action                   |  1- 3 |  4- 6 |  7- 9 || total
-------------------------+-------+-------+-------++-------
Melee: Unarmed           |   181 |   184 |    82 ||   447
       Quarterstaff      |       |    47 |    23 ||    70
       Whip              |       |       |   256 ||   256
Throw: Javelin           |       |       |     2 ||     2
 Cast: Beastly Appendage |     5 |    16 |     4 ||    25
       Spider Form       |       |     6 |     8 ||    14
       Blade Hands       |       |       |     4 ||     4
Invok: Upheaval          |       |       |     1 ||     1
 Abil: Breathe Fire      |       |       |     6 ||     6
  Use: Potion            |     1 |     3 |     1 ||     5
       Scroll            |       |     6 |     6 ||    12
 Stab: Sleeping          |     1 |       |       ||     1
       Petrifying        |       |     1 |       ||     1
  Eat: Chunk             |     4 |     6 |    15 ||    25
       Royal jelly       |       |     1 |     1 ||     2
       Beef jerky        |       |     1 |     1 ||     2

Vault maps used:
D:1:      zelgadis_glass_arrival_small
D:2:      serial_park_square1
D:3:      lemuel_doored_altar, lemuel_zombie_altar_kikubaaqudgha,
          overflow_temple_1_default, first_bread, portal_sewer_entry_e,
          uniq_crazy_yiuf_cottage, uniq_iyjb
D:4:      hangedman_decor_peaks_small, uniq_pikel, uniq_menkaure, uniq_sigmund
D:5:      nemelex_lonely_heart_becter, uniq_edmund
D:6:      zin_treasury, makhleb_heckhound_becter
D:7:      minmay_temple_entry_glass, uniq_duvessa
